 Dungeon Crawl Stone Soup version 0.28.0-45-g0d030f2227 (webtiles) character file.

Game seed: 2122621573884733910

58 Ablot the Cutter (level 4, -3/41 HPs)
             Began as a Gnoll Chaos Knight on Apr 10, 2022.
             Was a Plaything of Xom.
             Frozen to death by an endoplasm (5 damage)
             ... on level 2 of the Dungeon.
             The game lasted 00:02:18 (1487 turns).

Ablot the Cutter (Gnoll Chaos Knight)               Turns: 1487, Time: 00:02:18

Health: -3/41      AC:  5    Str: 14    XL:     4   Next: 2%
Magic:  5/5        EV: 12    Int: 11    God:    Xom [...*..]
Gold:   96         SH:  0    Dex: 11    Spells: 5/5 levels left

rFire   . . .      SeeInvis .   a - +0 short sword (chaos)
rCold   . . .      Faith    +   (no shield)
rNeg    . . .      Spirit   .   b - +2 leather armour
rPois   .          Reflect  .   (no helmet)
rElec   .          Harm     .   (no cloak)
rCorr   .          Rampage  .   (no gloves)
Will    .....                   (no boots)
Stlth   +.........              i - amulet of faith
HPRegen 0.13/turn               (no ring)
MPRegen 0.09/turn               (no ring)

@: mighty
A: fangs 1, strong nose, distributed training
a: Renounce Religion


You were on level 2 of the Dungeon.
You worshipped Xom.
You were a favourite toy of Xom.
You visited 1 branch of the dungeon, and saw 2 of its levels.

You collected 96 gold pieces.

Inventory:

Hand Weapons
 a - a +0 short sword of chaos (weapon)
Missiles
 c - 69 stones (quivered)
 g - 19 bolts
Armour
 b - a +2 leather armour (worn)
Jewellery
 i - an amulet of faith (around neck)
Wands
 m - a wand of paralysis (6)
Scrolls
 d - 2 scrolls of identify {unknown}
 e - a scroll of teleportation {unknown}
 f - a scroll of enchant armour {unknown}
 j - 2 scrolls of magic mapping {unknown}
 l - a scroll of fog {unknown}
 n - a scroll of amnesia {unknown}
Potions
 h - a potion of magic
 o - a potion of haste {unknown}


   Skills:
 + Level 6.5 Fighting
 + Level 6.5 Short Blades
 + Level 1.0 Long Blades
 + Level 1.0 Axes
 + Level 1.0 Maces & Flails
 + Level 1.0 Polearms
 + Level 1.0 Staves
 + Level 1.0 Slings
 + Level 1.0 Bows
 + Level 1.0 Crossbows
 + Level 1.0 Throwing
 + Level 4.6 Armour
 + Level 2.7 Dodging
 + Level 1.0 Stealth
 + Level 1.0 Shields
 + Level 1.0 Unarmed Combat
 + Level 1.0 Spellcasting
 + Level 0.7 Conjurations
 + Level 0.7 Hexes
 + Level 0.7 Summonings
 + Level 0.7 Necromancy
 + Level 0.7 Translocations
 + Level 0.7 Transmutations
 + Level 0.7 Fire Magic
 + Level 0.7 Ice Magic
 + Level 0.7 Air Magic
 + Level 0.7 Earth Magic
 + Level 0.7 Poison Magic
 + Level 1.1 Invocations
 + Level 1.0 Evocations


You had 5 spell levels left.
You didn't know any spells.
Your spell library was empty.

Dungeon Overview and Level Annotations

Branches:
Dungeon (2/15)

Altars:


Innate Abilities, Weirdness & Mutations

You have very sharp teeth.
Your uncanny sense of smell can sniff out nearby items.
Your experience applies equally to all skills.


Message History

You are now a favourite toy of Xom.
The chaos spawn gores you!
The chaos spawn draws strength from your injuries!
You miss the chaos spawn. You closely miss the chaos spawn.
The chaos spawn misses you.
Unknown command.
Aiming: Paralyse
Press: ? - help, Shift-Dir - straight line, f - chaos spawn
Aim: a chaos spawn (summoned, chance to affect: 19%)
The chaos spawn resists with almost no effort.
The chaos spawn closely misses you.
Unknown command.
You closely miss the chaos spawn.
The endoplasm hits you but does no damage.
The chaos spawn gores you!
You are engulfed in flames!
* * * LOW HITPOINT WARNING * * *
Unknown command.
The endoplasm hits you.
* * * LOW HITPOINT WARNING * * *
The endoplasm hits you but does no damage.
Aiming: Paralyse
Press: ? - help, Shift-Dir - straight line, f/p - chaos spawn
Aim: a chaos spawn (summoned, chance to affect: 19%)
The chaos spawn suddenly stops moving!
The endoplasm closely misses you.
The helpless chaos spawn fails to defend itself.
You hit the chaos spawn.
The chaos spawn flickers and vanishes!
Deactivating autopickup; reactivate with Ctrl-A.
Xom thinks this is hilarious!
The endoplasm freezes you.
You are frozen.
* * * LOW HITPOINT WARNING * * *
It was a potion of magic.
Magic courses through your body.
Xom roars with laughter!
The endoplasm closely misses you.
Unknown command.
It was a potion of might.
You feel very mighty all of a sudden. The endoplasm freezes you.
You are frozen.
You die...

#.#.......... #.....
#.#...>...... ######
............##########
.................)...
..........###....... #
....... #....... #.
#...########.......
#.###J####.............
#....{@................
#.#.######......###...#
#.#.## #.............
#.#..# #.............
#.##.# #######....... #
#....# #....... #.#....#
#######.......
#.#...######.............
#........................


You could see an endoplasm.

Vanquished Creatures
  An adder (D:2)
  3 bats (D:1)
  7 endoplasms
  4 giant cockroaches
  3 goblins
  4 hobgoblins
  A kobold (D:1)
  7 quokkas
  4 ball pythons
  4 frilled lizards
  6 rats
44 creatures vanquished.

Vanquished Creatures (others)
  2 fungi (D:1)
  5 plants (D:1)
7 creatures vanquished.

Grand Total: 51 creatures vanquished

Notes
Turn   | Place    | Note
-------+----------+-------------------------------------------
     0 | D:1      | Ablot the Gnoll Chaos Knight began the quest for the Orb.
     0 | D:1      | Reached XP level 1. HP: 23/23 MP: 1/1
    50 | D:1      | XOM: silly message
   229 | D:1      | Reached XP level 2. HP: 29/29 MP: 2/2
   333 | D:1      | XOM: divination: magic mapping
   637 | D:1      | XOM: divination: detect items
   771 | D:1      | XOM: divination: magic mapping
  1005 | D:1      | Found a faded altar of an unknown god.
  1084 | D:2      | Reached XP level 3. HP: 35/35 MP: 3/3
  1126 | D:2      | XOM: blink monster(s)
  1255 | D:2      | XOM: 1-stop teleportation journey
  1265 | D:2      | XOM: swap monsters
  1272 | D:2      | Reached skill level 1 in Invocations
  1312 | D:2      | Reached skill level 1 in Long Blades
  1312 | D:2      | Reached skill level 1 in Axes
  1312 | D:2      | Reached skill level 1 in Maces & Flails
  1312 | D:2      | Reached skill level 1 in Polearms
  1312 | D:2      | Reached skill level 1 in Staves
  1312 | D:2      | Reached skill level 1 in Slings
  1312 | D:2      | Reached skill level 1 in Bows
  1312 | D:2      | Reached skill level 1 in Crossbows
  1312 | D:2      | Reached skill level 1 in Throwing
  1312 | D:2      | Reached skill level 1 in Stealth
  1312 | D:2      | Reached skill level 1 in Shields
  1312 | D:2      | Reached skill level 1 in Unarmed Combat
  1312 | D:2      | Reached skill level 1 in Spellcasting
  1312 | D:2      | Reached skill level 1 in Evocations
  1433 | D:2      | Reached XP level 4. HP: 41/41 MP: 5/5
  1476 | D:2      | XOM: summons 1 hostile demon
  1477 | D:2      | Noticed a chaos spawn
  1485 | D:2      | HP: 2/41 [frozen (3)]
  1487 | D:2      | Frozen to death by an endoplasm

Illustrated notes

Levels and vault maps discovered:
D:1:      dpeg_arrival_leaves_temple_mockup, layout_basic,
          shapermc_ecumenical_altar_petra
D:2:      minmay_alternating_diamond, layout_basic, minmay_pentomino_w2

Skill      XL: |  1  2  3 |
---------------+----------+-----
Invocations    | 1 |  1.1
Long Blades    | 1 |  1.0
Axes           | 1 |  1.0
Maces & Flails | 1 |  1.0
Polearms       | 1 |  1.0
Staves         | 1 |  1.0
Slings         | 1 |  1.0
Bows           | 1 |  1.0
Crossbows      | 1 |  1.0
Throwing       | 1 |  1.0
Stealth        | 1 |  1.0
Shields        | 1 |  1.0
Unarmed Combat | 1 |  1.0
Spellcasting   | 1 |  1.0
Evocations     | 1 |  1.0
Fighting       | |  6.5
Short Blades   | |  6.5
Armour         | |  4.6
Dodging        | |  2.7
Conjurations   | |  0.7
Hexes          | |  0.7
Summonings     | |  0.7
Necromancy     | |  0.7
Translocations | |  0.7
Transmutations | |  0.7
Fire Magic     | |  0.7
Ice Magic      | |  0.7
Air Magic      | |  0.7
Earth Magic    | |  0.7
Poison Magic   | |  0.7

Action                   |  1- 3 |  4- 6 || total
-------------------------+-------+-------++-------
Melee: Short sword       |   140 |     6 ||   146
       Bite              |     8 |       ||     8
       Punch             |     1 |       ||     1
Evoke: Wand              |       |     2 ||     2
  Use: Potion            |       |     2 ||     2
 Stab: Distracted        |     1 |       ||     1
       Sleeping          |     1 |       ||     1
       Paralysed         |       |     1 ||     1
Armor: Leather armour    |    39 |     3 ||    42
Dodge: Dodged            |    74 |     4 ||    78
